 Dungeon Crawl Stone Soup version 0.29-a0-393-g47a863cc1b (webtiles) character file.

Game seed: 15478663686295307587

47 sammy202020 the Skirmisher (level 3, -3/29 HPs)
             Began as a Demonspawn Berserker on May 11, 2022.
             Was a Follower of Trog.
             Slain by a gnoll
             ... wielding a +0 spear
              (7 damage)
             ... on level 2 of the Dungeon.
             The game lasted 00:02:07 (737 turns).

sammy202020 the Skirmisher (Demonspawn Berserker)    Turns: 737, Time: 00:02:08

Health: -3/29      AC:  6    Str: 17    XL:     3   Next: 48%
Magic:  3/3        EV: 11    Int: 10    God:    Trog [*.....]
Gold:   60         SH:  0    Dex: 12    Spells: 2/2 levels left

rFire   . . .      SeeInvis .   a - +0 hand axe
rCold   . . .      Faith    .   (no shield)
rNeg    . . .      Spirit   .   j - +0 ring mail
rPois   .          Reflect  .   (no helmet)
rElec   .          Harm     .   h - +0 cloak
rCorr   .          Rampage  .   (no gloves)
Will    .....                   (no boots)
Stlth   +.........              (no amulet)
HPRegen 0.09/turn               (no ring)
MPRegen 0.16/turn               (no ring)

@: no status effects
A: powered by death 1, magic regeneration
a: Renounce Religion, Berserk


You were on level 2 of the Dungeon.
You worshipped Trog.
Trog was aware of your devotion.
You visited 1 branch of the dungeon, and saw 2 of its levels.

You collected 60 gold pieces.

Inventory:

Hand Weapons
 a - a +0 hand axe (weapon)
 c - a +0 mace
Armour
 h - a +0 cloak (worn)
 j - a +0 ring mail (worn)
Scrolls
 b - a scroll of blinking {unknown}
 d - a scroll of teleportation {unknown}
 g - a scroll of identify {unknown}
 k - a scroll of noise {unknown}
Potions
 e - a potion of degeneration {unknown}
 f - a potion of attraction {unknown}
 i - 2 potions of heal wounds {unknown}


   Skills:
 * Level 3.6 Fighting
 * Level 3.2 Axes
 + Level 2.1 Armour
 + Level 2.1 Dodging


You had 2 spell levels left.
You didn't know any spells.
Your spell library was empty.

Dungeon Overview and Level Annotations

Branches:
Dungeon (2/15)

Altars:


Innate Abilities, Weirdness & Mutations

You regenerate a little health from kills.
You regenerate magic rapidly.


Message History

The gnoll hits you but does no damage. Terence hits you but does no damage.
You barely miss Terence.
Terence is severely wounded.
The gnoll hits you but does no damage. Terence hits you but does no damage.
You hit Terence but do no damage.
Terence is severely wounded.
Terence hits you but does no damage. The gnoll hits you but does no damage.
You hit Terence but do no damage.
Terence is severely wounded.
You barely miss the gnoll. The gnoll hits you with a +0 flail.
The gnoll hits you but does no damage.
Terence says, "You're history."
Terence completely misses you.
You hit Terence.
You kill Terence!
Trog accepts your kill.
You hit the gnoll.
You feel less wooden.
Your +0 cloak unmelds from your body.
Your +0 ring mail unmelds from your body.
An endoplasm comes into view.
The gnoll closely misses you.
The gnoll hits you from afar with a +0 spear!
You have reached level 3!
Your experience leads to an increase in your attributes!
Increase (S)trength, (I)ntelligence, or (D)exterity?
You feel clever. x2; Your demonic ancestry asserts itself...
A wave of death washes over you. The gnoll hits you with a +0 flail.
* * * LOW HITPOINT WARNING * * *
The gnoll closely misses you.
Items here: ) / [ †.
The endoplasm quivers.
You hit the gnoll but do no damage. You closely miss the gnoll.
The gnoll hits you but does no damage. The gnoll barely misses you.
The gnoll misses you. The gnoll closely misses you.
You barely miss the gnoll. x2; The gnoll hits you with a +0 flail.
* * * LOW HITPOINT WARNING * * *
The gnoll hits you with a +0 spear!
You die...

#.# #.. #.# #.#######
##........ ####....$...#
#.##....g......#
#.......@g..#
####.#..###.....
#.#####.#.J# ###
#.....)....# #####
#######....# #... .
..######...####.#####....
#................<.......
..######........#........
#.#.######.###.##.


You could see 2 gnolls and an endoplasm.

Vanquished Creatures
  Terence (D:2)
  3 ball pythons (D:1)
  2 bats
  2 endoplasms (D:1)
  A giant cockroach (D:1)
  2 goblins (D:1)
  A hobgoblin (D:1)
  2 jackals (D:1)
  4 kobolds
  A quokka (D:1)
19 creatures vanquished.

Notes
Turn   | Place    | Note
-------+----------+-------------------------------------------
     0 | D:1      | sammy202020 the Demonspawn Berserker began the quest for
                  | the Orb.
     0 | D:1      | Reached XP level 1. HP: 18/18 MP: 1/1
     2 | D:1      | Noticed a troll
     2 | D:1      | Noticed a felid
     4 | D:1      | Noticed an ogre
     4 | D:1      | Noticed a vine stalker
     6 | D:1      | Noticed a tengu
     8 | D:1      | Noticed a merfolk
     8 | D:1      | Noticed a demigod
    10 | D:1      | Noticed a formicid
    12 | D:1      | Noticed a gargoyle
    12 | D:1      | Noticed a spriggan
    14 | D:1      | Noticed a naga
    14 | D:1      | Noticed a draconian
    16 | D:1      | Noticed a vampire
    18 | D:1      | Noticed a human
    20 | D:1      | Noticed a minotaur
    20 | D:1      | Noticed an elf
    22 | D:1      | Noticed a demonspawn
    22 | D:1      | Noticed an octopode
    24 | D:1      | Noticed a ghoul
    26 | D:1      | Noticed a dwarf
   342 | D:1      | Gained mutation: You regenerate magic rapidly. [demonic
                  | ancestry]
   342 | D:1      | Reached XP level 2. HP: 23/24 MP: 2/2
   715 | D:2      | Noticed Terence
   734 | D:2      | Killed Terence
   735 | D:2      | Gained mutation: You regenerate a little health from kills.
                  | [demonic ancestry]
   735 | D:2      | Reached XP level 3. HP: 11/29 MP: 3/3
   737 | D:2      | Slain by a gnoll

Illustrated notes

Levels and vault maps discovered:
D:1:      kb_arrival_jail, layout_rooms
D:2:      layout_loops_ring, basic_altar, uniq_natasha, uniq_terence

Skill      XL: |  1  2 |
---------------+-------+-----
Armour         | 2 |  2.1
Dodging        | 2 |  2.1
Axes           | 3 |  3.2
Fighting       | |  3.6

Action                   || total
-------------------------++-------
Melee: Hand axe          ||    57
Armor: Animal skin       ||     5
       Skin              ||    19
       Ring mail         ||    13
Dodge: Dodged            ||    45

Table legend: (Time is in decaauts)
 A = Elapsed time spent in this place.
 B = Non-inter-level travel time spent in this place.
 C = Inter-level travel time spent in this place.
 D = Time resting spent in this place.
 E = Time spent auto-exploring this place.
 F = Levels seen in this place.
 G = Mean time per level.
                   A        B        C        D        E       F      G
               +--------+--------+--------+--------+--------+-----+--------+
         Total |    745 |    735 |     10 |      0 |    510 |   2 |  372.5 |
       Dungeon |    745 |    735 |     10 |      0 |    510 |   2 |  372.5 |
               +--------+--------+--------+--------+--------+-----+--------+

Top non-repeatable levels by time:
     D:1: 692 daAuts
     D:2: 53 daAuts
